 Dungeon Crawl Stone Soup version 0.28.0-53-g5a82cb258f (webtiles) character file.

Game seed: 3291838694929601189

67 Duralumin the Chopper (level 4, 0/35 HPs)
             Began as a Formicid Fighter on Aug 22, 2022.
             Killed from afar by a steam dragon (3 damage)
             ... with a ball of steam
             ... on level 3 of the Dungeon.
             The game lasted 00:02:33 (1924 turns).

Duralumin the Chopper (Formicid Fighter)            Turns: 1924, Time: 00:02:33

Health: 0/35       AC: 11    Str: 22    XL:     4   Next: 40%
Magic:  4/4        EV:  6    Int:  8    God:
Gold:   85         SH:  4    Dex: 10    Spells: 3/3 levels left

rFire   . . .      SeeInvis +   a - +0 war axe
rCold   . . .      Faith    .   c - +0 buckler
rNeg    . . .      Spirit   .   p - +0 plate armour
rPois   .          Reflect  .   (helmet unavailable)
rElec   .          Harm     .   (no cloak)
rCorr   .          Rampage  .   (no gloves)
Will    .....                   (no boots)
Stlth   ..........              (no amulet)
HPRegen 0.11/turn               (no ring)
MPRegen 0.09/turn               (no ring)

@: mighty
A: permanent stasis, dig shafts and tunnels, antennae 3, four strong arms
a: Dig, Shaft Self


You were on level 3 of the Dungeon.
You visited 1 branch of the dungeon, and saw 3 of its levels.

You collected 85 gold pieces.

Inventory:

Hand Weapons
 a - a +0 war axe (weapon)
 g - a +0 quarterstaff
Missiles
 e - 5 boomerangs
 k - a throwing net
 s - 4 poisoned darts
Armour
 b - a +0 scale mail
 c - a +0 buckler (worn)
 p - a +0 plate armour (worn)
Scrolls
 f - 3 scrolls of identify {unknown}
 h - a scroll of fear {unknown}
 l - a scroll of amnesia {unknown}
 n - a scroll of teleportation {unknown}
 o - a scroll of magic mapping {unknown}
 r - a scroll of immolation {unknown}
Potions
 d - 2 potions of might
 i - a potion of lignification {unknown}
 j - a potion of attraction {unknown}
 m - a potion of curing {unknown}
 q - 2 potions of brilliance {unknown}


   Skills:
 - Level 3.2 Fighting
 + Level 4.3 Axes
 - Level 3.2 Armour
 - Level 3.6 Shields


You had 3 spell levels left.
You didn't know any spells.
Your spell library contained the following spells:

 Spells                   Type           Power      Damage    Failure   Level
 Sandblast                Erth           0%         2d4       100%        1
 Passwall                 Tmut/Erth      0%         N/A       100%        2
 Stone Arrow              Conj/Erth      0%         3d7       100%        3


Dungeon Overview and Level Annotations

Branches:
Dungeon (3/15)

Altars:


Innate Abilities, Weirdness & Mutations

You cannot be hasted, slowed, berserked, paralysed or teleported.
You can dig through walls and to a lower floor.
You have a pair of large antennae on your head. (SInv)
Your four strong arms can wield two-handed weapons with a shield.


Message History

An orc comes into view. It is wielding a +2 whip of freezing.
The steam dragon bites you but does no damage.
You block the steam dragon's attack.
You feel very mighty all of a sudden. The steam dragon breathes steam at you.
The ball of steam misses you.
The steam dragon bites you but does no damage.
The steam dragon claws you but does no damage.
You slash the steam dragon!
The steam dragon is moderately wounded.
You block the steam dragon's attack. x2
The steam dragon breathes steam at you. The ball of steam misses you.
You closely miss the steam dragon.
The steam dragon is moderately wounded.
You closely miss the orc. The steam dragon closely misses you.
You block the steam dragon's attack. The orc hits you but does no damage.
The steam dragon bites you.
* * * LOW HITPOINT WARNING * * *
The steam dragon claws you but does no damage.
The orc is engulfed in a cloud of scalding steam.
The orc dies!
The steam dragon bites you but does no damage.
The steam dragon claws you.
* * * LOW HITPOINT WARNING * * *
You slash the steam dragon!
The steam dragon is severely wounded.
The steam dragon bites you.
* * * LOW HITPOINT WARNING * * *
The steam dragon claws you but does no damage.
You closely miss the steam dragon.
The steam dragon is severely wounded.
The steam dragon bites you.
* * * LOW HITPOINT WARNING * * *
The steam dragon claws you but does no damage.
You hit the steam dragon.
The steam dragon is almost dead.
The steam dragon breathes steam at you. The ball of steam hits you.
You die...

..# #. #.# . ...
# #. #.# .#
####.##.#####.##
#...............
#...|†.......
..##...@D..)....
.>.......)##..#
..........#
...##..§§.# #.
#.....#
......#####
...## #.# #.


You could see a steam dragon (catching breath).

Vanquished Creatures
  2 adders (D:2)
  A dart slug (D:1)
  8 endoplasms
  3 giant cockroaches
  5 hobgoblins (D:1)
  3 jackals (D:1)
  2 quokkas (D:1)
  8 ball pythons
  3 bats
  4 frilled lizards
  A kobold (D:1)
  5 rats
45 creatures vanquished.

Vanquished Creatures (others)
  An orc (D:3)
1 creature vanquished.

Grand Total: 46 creatures vanquished

Notes
Turn   | Place    | Note
-------+----------+-------------------------------------------
     0 | D:1      | Duralumin the Formicid Fighter began the quest for the Orb.
     0 | D:1      | Reached XP level 1. HP: 18/18 MP: 1/1
   162 | D:1      | Reached XP level 2. HP: 24/24 MP: 2/2
   218 | D:1      | Reached skill level 3 in Axes
   429 | D:1      | Reached XP level 3. HP: 24/29 MP: 3/3
   569 | D:1      | Found a faded altar of an unknown god.
  1500 | D:2      | Reached skill level 4 in Axes
  1500 | D:2      | Reached XP level 4. HP: 35/35 MP: 4/4
  1910 | D:3      | Noticed a steam dragon
  1924 | D:3      | Killed from afar by a steam dragon

Illustrated notes

Levels and vault maps discovered:
D:1:      grunt_arrival_crossed_arrows, layout_rooms,
          shapermc_ecumenical_altar_totnotflames
D:2:      layout_basic, hangedman_decor_opposing, kennysheep_another_room,
          minmay_pentomino_o2
D:3:      layout_loops_ring, serial_undead, serial_undead_c, serial_undead_d,
          serial_undead_a, serial_undead_a, st_stairs_8, uniq_terence

Skill      XL: |  1  2  3 |
---------------+----------+-----
Axes           | 3 4 |  4.3
Fighting       | |  3.2
Armour         | |  3.2
Shields        | |  3.6

Action                   |  1- 3 |  4- 6 || total
-------------------------+-------+-------++-------
Melee: War axe           |    98 |    32 ||   130
  Use: Potion            |       |     1 ||     1
Armor: Scale mail        |    32 |       ||    32
       Plate armour      |     4 |    29 ||    33
Dodge: Dodged            |    53 |    12 ||    65
Block: Buckler           |    26 |    12 ||    38
